 Dungeon Crawl Stone Soup version 0.30.1 (webtiles) character file.

Game seed: 12430604557844528858

111 Graphine the Shooter (level 4, -1/27 HPs)
             Began as a Deep Elf Hunter on July 11, 2023.
             Killed by divine providence
             ... invoked by an orc priest
              (8 damage)
             ... on level 3 of the Dungeon.
             The game lasted 00:04:01 (1670 turns).

Graphine the Shooter (Deep Elf Hunter)              Turns: 1670, Time: 00:04:01

Health: -1/27      AC:  2    Str:  8    XL:     4   Next: 62%
Magic:  6/6        EV: 14    Int: 16    God:
Gold:   225        SH:  0    Dex: 18    Spells: 3/3 levels left

rFire   . . .        a - +0 shortbow
rCold   . . .        (shield currently unavailable)
rNeg    . . .        j - +0 robe
rPois   .            (no helmet)
rElec   .            (no cloak)
rCorr   .            (no gloves)
SInv    .            (no boots)
Will    .....        f - amulet of regeneration
Stlth   ++           (no ring)
HPRegen 1.04/turn    (no ring)
MPRegen 0.10/turn

%: no passive effects
@: no status effects
A: no striking features
a: no special abilities


You were on level 3 of the Dungeon.
You visited 1 branch of the dungeon, and saw 3 of its levels.

You collected 225 gold pieces.

Inventory:

Hand Weapons
 a - a +0 shortbow (weapon)
Armour
 c - a +0 leather armour
 j - a +0 robe (worn)
Jewellery
 f - an amulet of regeneration (around neck)
Scrolls
 b - 2 scrolls of immolation
 n - a scroll of magic mapping
Potions
 d - a potion of might {unknown}
 g - a potion of attraction {unknown}
 h - a potion of flight {unknown}
 i - a potion of curing {unknown}
 k - 2 potions of resistance
 l - a potion of heal wounds {unknown}
 p - a potion of mutation {unknown}


   Skills:
 + Level 2.5 Fighting
 + Level 6.2 Ranged Weapons
 + Level 3.8 Dodging
 - Level 2.0 Stealth


You had 3 spell levels left.
You didn't know any spells.
Your spell library contained the following spells:

 Spells                   Type           Power      Damage    Failure   Level
 Lesser Beckoning         Tloc           0%         N/A       36%         2
 Gell's Gravitas          Tloc           0%         N/A       58%         3
 Teleport Other           Tloc           0%         N/A       58%         3


Dungeon Overview and Level Annotations

Branches:
Dungeon (3/15)

Altars:
Cheibriados

Shops:
D:1 =


Message History

The orc priest misses you. The orc hits you with a +0 falchion.
Non-targeted confused fire: a) +0 shortbow
Press: ? - help, Q - select action Dir - look around, f - activate Look: an orc, wielding a +0 falchion (heavily wounded)
You shoot an arrow.
You hear the slow rusting of a very distant drain.
You feel less invigorated.
You feel less confused. The orc priest misses you. The orc barely misses you.
You shoot an arrow. The arrow hits the orc.
The orc is severely wounded.
The orc closely misses you.
The orc priest calls down the wrath of Beogh upon you.
Beogh smites you!
You are too injured to fight recklessly!
Okay, then.
Okay, then.
You are too injured to fight recklessly!
Fire: a) +0 shortbow
Press: ? - help, Q - select action Shift-Dir - straight line, f/p - orc
Aim: an orc, wielding a +0 falchion (severely wounded, 65% to hit)
You shoot an arrow. The arrow hits the orc!
You kill the orc!
The orc priest closely misses you.
Fire: a) +0 shortbow
Press: ? - help, Q - select action Shift-Dir - straight line, f - orc priest
Aim: an orc priest, wielding a +0 whip (lightly wounded, 65% to hit)
You shoot an arrow. The arrow hits the orc priest!
The orc priest is severely wounded.
The orc priest invokes the aid of Beogh against you.
Pain shoots through your body!
Fire: a) +0 shortbow
Press: ? - help, Q - select action Shift-Dir - straight line, f/p - orc priest
Aim: an orc priest, wielding a +0 whip (severely wounded, 65% to hit)
You shoot an arrow. The arrow barely misses the orc priest.
The orc priest hits you with a +0 whip.
* * * LOW HITPOINT WARNING * * *
The orc priest calls down the wrath of Beogh upon you.
Beogh smites you!
You die...

...........#.# ..
#.#######.#...##[#.
#.#######........._
#........###....##.
#..........).......
#.......#......#.#
#.......#......#
#.......#......#
#.....)@#......#
#......o#......#
#.......#......#
#...............
#####..†.. #.)...
#.....# #..)..#


You could see an orc priest.

Vanquished Creatures
  An orc wizard (D:3)
  3 adders
  3 orcs (D:3)
  2 ball pythons (D:1)
  7 bats
  4 endoplasms
  A giant cockroach (D:1)
  6 goblins
  6 hobgoblins
  4 jackals (D:1)
  3 quokkas
  5 frilled lizards
  6 kobolds
  2 rats
53 creatures vanquished.

Notes
Turn   | Place    | Note
-------+----------+-------------------------------------------
     0 | D:1      | Graphine the Deep Elf Hunter began the quest for the Orb.
     0 | D:1      | Reached XP level 1. HP: 12/12 MP: 3/3
    59 | D:1      | Found Loaqaero's Jewellery Boutique.
   516 | D:1      | Reached XP level 2. HP: 17/17 MP: 4/4
   706 | D:1      | Reached XP level 3. HP: 21/21 MP: 5/5
  1258 | D:2      | Reached skill level 6 in Ranged Weapons
  1423 | D:2      | Reached XP level 4. HP: 23/26 MP: 6/6
  1640 | D:3      | Found a snail-covered altar of Cheibriados.
  1670 | D:3      | Killed from afar by an orc priest

Illustrated notes

Levels and vault maps discovered:
D:1:      dpeg_arrival_rhombus, layout_basic, serial_shops, shop_fountains,
          serial_forest, infiniplex_forest_lined_1,
          infiniplex_forest_straight_2, infiniplex_forest_clump_cross,
          infiniplex_forest_clump_long, infiniplex_forest_corner_1,
          infiniplex_forest_straight_2, minmay_domino_4
D:2:      wander_river, layout_loops_ring, minmay_gold_behind_fungi,
          minmay_diced_spiral
D:3:      layout_basic, lemuel_crystal_altar, serial_bayou, serial_bayou_pond_c,
          serial_bayou_crossing, serial_bayou_pond_d, serial_bayou_lagoon_a,
          portal_sewer_entry_b

Skill      XL: |  1  2  3 |
---------------+----------+-----
Stealth        | 2 |  2.0
Dodging        | 3 |  3.8
Fighting       | 2 |  2.5
Ranged Weapons | 6 |  6.2

Action                     |  1- 3 |  4- 6 || total
---------------------------+-------+-------++-------
   Fire: Shortbow          |   128 |    26 ||   154
    Use: Scroll            |     5 |     3 ||     8
         Potion            |       |     1 ||     1
 Armour: Robe              |     3 |       ||     3
  Dodge: Dodged            |    30 |    16 ||    46
